Map: Oxide LE

Players

ViBE - Winner!

  • Race: Zerg Zerg
  • League: Gold
  • Spawn Location: 1:00

IRRITATING

  • Race: Terran Terran
  • League: Gold
  • Spawn Location: 7:00

VOD

Have the link to the VOD?

Description

Time

  • Played on: March 20, 2021, 7:24 p.m.
  • Length: 14:26
Show
View Real Time Build Order
Export as new Build Order

ViBE Zerg - Winner!

Build Orders: Hatch First 

Get SALT Encoding   

  12  0:00  Drone  
  13  0:12  Overlord  
  13  0:17  Drone  
  14  0:31  Drone x2  
  16  0:50  Hatchery  
  16  0:55  Drone x2  
  17  1:01  Drone  
  18  1:14  Spawning Pool  
  18  1:18  Drone  
  18  1:20  Drone  
  19  1:28  Drone  
  20  1:34  Extractor  
  19  1:41  Drone  
  20  1:55  Overlord  
  20  2:01  Drone  
  20  2:02  Queen x2  
  20  2:03  Drone  
  20  2:08  Spine Crawler  
  25  2:15  Spine Crawler  
  24  2:20  Spine Crawler  
  23  2:29  Zergling x2  
  23  2:30  Zergling x4  
  23  2:32  Zergling x2  
  26  2:47  Overlord  
  26  2:49  Drone  
  26  2:50  Drone x2  
  29  2:57  Drone x2  
  31  3:09  Drone x2  
  33  3:17  Drone x4  
  37  3:24  Overlord  
  37  3:29  Drone  
  38  3:40  Drone x2  
  40  3:46  Drone  
  41  3:50  Drone  
  41  3:52  Lair  
  41  3:54  Drone x2  
  44  3:58  Evolution Chamber  
  44  3:59  Drone x3, Roach Warren  
  46  4:02  Drone  
  46  4:03  Drone  
  47  4:14  Extractor  
  47  4:15  Overlord x2  
  47  4:17  Extractor  
  45  4:26  Overlord  
  45  4:34  Overlord  
  45  4:35  Drone x6  
  51  4:46  Drone x2  
  51  4:52  Zerg Missile Weapons Level 1, Glial Reconstitution  
  53  4:56  Drone x4  
  53  4:59  Hatchery  
  56  5:04  Overlord  
  56  5:05  Overlord  
  56  5:13  Queen  
  58  5:14  Drone x3  
  58  5:15  Drone  
  62  5:24  Drone x3  
  62  5:28  Drone x2  
  67  5:36  Drone  
  67  5:41  Hydralisk Den  
  67  5:42  Drone x4  
  71  5:44  Evolution Chamber  
  71  5:48  Queen  
  72  5:56  Drone x4  
  76  5:58  Drone  
  77  6:06  Drone  
  77  6:08  Hatchery  
  77  6:11  Grooved Spines  
  77  6:12  Zerg Ground Armor Level 1  
  77  6:19  Extractor  
  77  6:21  Extractor, Drone x3  
  77  6:22  Extractor  
  77  6:42  Overlord x3  
  77  6:43  Overlord  
  77  6:45  Drone  
  78  6:52  Hydralisk x6  
  90  7:02  Hydralisk x10  
  110  7:16  Hydralisk x4  
  110  7:22  Muscular Augments  
  118  7:23  Hydralisk  
  118  7:28  Overlord x2  
  120  7:31  Drone x2  
  120  7:36  Drone x5  
  126  7:39  Drone  
  126  7:40  Drone x5  
  132  7:49  Overlord x2  
  132  7:50  Overlord  
  132  8:01  Drone x4  
  136  8:13  Hatchery  
  135  8:21  Drone x4  
  135  8:22  Drone  
  135  8:23  Hydralisk x9  
  158  8:28  Infestation Pit  
  158  8:32  Extractor  
  158  8:33  Extractor  
  155  8:48  Hydralisk x5  
  155  8:50  Zerg Ground Armor Level 2, Zerg Missile Weapons Level 2  
  165  9:13  Hive  
  165  9:15  Overlord x2  
  165  9:16  Overlord x4  
  165  9:22  Lurker Den  
  165  9:23  Overseer x3  
  164  9:35  Hydralisk x9  
  164  9:36  Hydralisk x7  
  196  9:41  Hydralisk x2  
  200  10:12  Overlord x3  
  192  10:35  Seismic Spines  
  189  10:45  Hatchery  
  184  10:55  Hydralisk  
  184  10:56  Hydralisk x9  
  159  11:33  Adaptive Talons  
  138  11:50  Hydralisk x9  
  138  11:51  Hydralisk x6  
  138  11:52  Hydralisk x19  
  180  13:26  Hydralisk  
  180  13:27  Hydralisk x11  
  178  14:12  Spire  
Show
View Real Time Build Order
Export as new Build Order

IRRITATING Terran 

Build Orders:  

Get SALT Encoding   

  12  0:01  SCV  
  13  0:17  Supply Depot  
  13  0:19  SCV  
  14  0:31  SCV  
  15  0:43  SCV  
  15  0:49  Barracks  
  16  0:56  SCV  
  17  1:08  SCV  
  18  1:26  SCV  
  18  1:28  Command Center  
  19  1:38  SCV  
  19  1:39  Marine  
  21  1:47  Bunker  
  21  1:57  Marine  
  21  2:00  Orbital Command  
  22  2:11  Barracks  
  22  2:15  Marine  
  23  2:19  Bunker  
  23  2:39  Marine  
  22  2:57  Orbital Command, Marine  
  23  3:03  Marine, Command Center  
  22  3:09  SCV  
  22  3:21  SCV, Marine  
  23  3:33  SCV  
  23  3:34  SCV  
  25  3:38  Command Center  
  25  3:39  Marine  
  26  3:43  Refinery x2  
  26  3:46  SCV  
  27  3:56  Marine  
  28  4:14  Marine  
  28  4:15  Command Center  
  29  4:17  Orbital Command  
  29  4:23  Engineering Bay  
  29  4:28  SCV x2  
  31  4:32  Marine  
  32  4:40  SCV x2  
  34  4:46  Factory  
  34  4:49  SCV  
  34  4:50  Marine  
  34  4:52  SCV  
  38  4:53  SCV  
  38  5:01  SCV  
  38  5:04  SCV  
  38  5:05  SCV  
  38  5:06  Command Center  
  41  5:08  Marine  
  41  5:12  Planetary Fortress  
  42  5:25  Marine, Missile Turret  
  42  5:28  Orbital Command  
  43  5:35  Missile Turret  
  43  5:43  Marine  
  43  5:45  Starport  
  43  5:49  Starport  
  44  5:53  SCV  
  44  5:54  SCV x2  
  47  6:12  Factory Tech Lab  
  47  6:17  Barracks Tech Lab  
  47  6:22  Bunker  
  47  6:27  Refinery  
  47  6:32  Refinery, Bunker  
  47  6:34  Orbital Command, Sensor Tower, Missile Turret  
  47  6:36  Starport Tech Lab  
  47  6:37  Starport Tech Lab  
  47  6:48  SCV x5  
  52  7:00  SCV x3, Raven  
  57  7:02  Viking  
  57  7:07  Orbital Command  
  59  7:11  Combat Shield  
  59  7:23  Marine  
  59  7:28  Hi-Sec Auto Tracking  
  60  7:36  Barracks  
  60  7:41  Marine  
  60  7:42  Refinery  
  60  7:44  Refinery  
  61  7:48  Siege Tank  
  64  7:51  Bunker  
  64  7:54  SCV x2  
  64  7:55  SCV  
  67  7:58  Marine  
  67  8:05  Banshee  
  71  8:06  Raven  
  73  8:16  Marine  
  74  8:26  Supply Depot  
  74  8:31  Stimpack  
  74  8:34  Marine, Command Center  
  74  8:36  Neosteel Armor  
  75  8:45  Sensor Tower  
  75  8:49  Supply Depot  
  75  8:52  SCV  
  75  8:53  SCV x5  
  81  9:05  SCV x6  
  81  9:08  Widow Mine  
  90  9:17  SCV x2  
  90  9:18  Command Center  
  90  9:21  Banshee x2  
  90  9:22  Cloaking Field  
  97  9:25  Hyperflight Rotors  
  97  9:29  Widow Mine  
  99  9:43  Barracks Reactor  
  99  9:44  Command Center  
  99  9:46  Marine  
  99  9:50  Widow Mine  
  99  9:52  Command Center  
  102  10:03  Marine  
  102  10:04  Banshee x2  
  109  10:10  Fusion Core  
  109  10:12  Widow Mine  
  111  10:15  Armory  
  111  10:21  Marine  
  111  10:24  Marine x2  
  114  10:33  Widow Mine  
  114  10:34  Planetary Fortress  
  116  10:39  Marine  
  113  10:46  Banshee  
  113  10:47  Banshee  
  105  10:55  Widow Mine  
  96  10:57  Orbital Command  
  96  10:59  Marine  
  96  11:01  Armory  
  94  11:06  Armory  
  86  11:16  Widow Mine  
  86  11:17  Marine  
  74  11:34  Marine  
  74  11:37  Widow Mine  
  46  11:52  Marine  
  46  11:53  Barracks  
  45  11:54  SCV, Barracks  
  45  11:59  Widow Mine  
  45  12:06  SCV  
  46  12:10  Marine  
  42  12:18  SCV  
  42  12:19  Raven  
  42  12:20  Widow Mine  
  47  12:28  Marine  
  48  12:30  SCV  
  49  12:43  Barracks Reactor  
  51  12:44  Barracks Reactor  
  51  12:46  Marine  
  51  12:49  Refinery  
  52  12:51  Refinery  
  52  12:56  Missile Turret  
  50  12:58  Siege Tank  
  50  12:59  Missile Turret  
  50  13:02  Raven  
  50  13:04  Marine  
  56  13:21  Marine  
  52  13:28  Bunker  
  52  13:31  Siege Tank  
  54  13:39  Marine  
  55  13:43  SCV x3  
  57  13:55  SCV x2  
Tags
 
League
GoldGold
Matchup
TvZ
Player
ViBE
Replay Pack
Gold_League
Spawn Locations
Cross Positions
Add a new tag
Caveats
  • Supply blocks, unpowered buildings, or Contaminate may cause inaccurate times.
  • Supply counts are checked every 10 seconds.